 Dungeon Crawl Stone Soup version 0.29-a0-275-g389c0b56f3 (webtiles) character file.

Game seed: 5915147126850398392

56 spaghetti the Poker (level 3, -1/29 HPs)
             Began as a Demonspawn Chaos Knight on Mar 12, 2022.
             Was a Plaything of Xom.
             Slain by an adder (3 damage)
             ... on level 3 of the Dungeon.
             The game lasted 00:02:48 (1379 turns).

spaghetti the Poker (Demonspawn Chaos Knight)       Turns: 1379, Time: 00:02:49

Health: -1/29      AC:  5    Str: 14    XL:     3   Next: 69%
Magic:  3/3        EV: 11    Int: 13    God:    Xom [...*..]
Gold:   62         SH:  0    Dex: 12    Spells: 2/2 levels left

rFire   . . .      SeeInvis .   a - +0 spear (chaos) {polearm}
rCold   . . .      Faith    .   (no shield)
rNeg    . . .      Spirit   .   b - +2 leather armour
rPois   .          Reflect  .   (helmet restricted)
rElec   .          Harm     .   (no cloak)
rCorr   .          Rampage  .   (no gloves)
Will    .....                   (no boots)
Stlth   +.........              (no amulet)
HPRegen 0.09/turn               (no ring)
MPRegen 0.08/turn               (no ring)

@: no status effects
A: antennae 1, spiny 1
a: Renounce Religion


You were on level 3 of the Dungeon.
You worshipped Xom.
You were a favourite toy of Xom.
You visited 1 branch of the dungeon, and saw 3 of its levels.

You collected 62 gold pieces.


Innate Abilities, Weirdness & Mutations

You have a pair of small antennae on your head.
You are partially covered in sharp spines.


   Skills:
 - Level 3.0 Fighting
 + Level 4.3 Polearms
 - Level 1.7 Armour
 - Level 0.8 Dodging


You had 2 spell levels left.
You didn't know any spells.
Your spell library contained the following spells:

 Spells                   Type           Power      Damage    Failure   Level
 Pain                     Necr           0%         1d4       36%         1
 Agony                    Necr           0%         N/A       100%        5
 Excruciating Wounds      Necr           0%         N/A       100%        5

Inventory:

Hand Weapons
 a - a +0 spear of chaos (weapon) {polearm}
Missiles
 c - 5 stones {throwing}
Armour
 b - a +2 leather armour (worn)
Potions
 d - a potion of attraction {!q}

Dungeon Overview and Level Annotations

Branches:
Dungeon (3/15)

Altars:

Shops:
D:1 !=*

Annotations:
D:2 Sigmund

.############
.....<......#
.......<....#
............#
.......@....#
.(......S...#
.........)..#
............#
...........##
.......<...#
...........#
..##########


You could see an adder.


Message History

The hobgoblin barely misses you.
You hit the hobgoblin. You burn the hobgoblin.
You kill the hobgoblin!
You see here a hobgoblin corpse.
You see here a hobgoblin corpse.
You now have 62 gold pieces (gained 7).
You open the door.
Found a stone staircase leading down.
There is a stone staircase leading down here.
There is an open door here.
Key pressed, stopping explore.
You open the door.
Found a stone staircase leading down.
(D) Dungeon
Where to? (Enter - D:2, ? - help)
A hobgoblin comes into view.
Unknown command.
Unknown command.
A hobgoblin is nearby!
A hobgoblin is nearby!
No target in range!
No target in range!
A hobgoblin comes into view.
The hobgoblin shouts!
Sigmund the Dreaded comes into view.
He is wielding a +0 scythe.
Sigmund shouts!
The hobgoblin hits you.
Sigmund moves out of view. 😕 HP[-1]
You take 1 damage, and now have 28/29 hp.
You closely miss the hobgoblin. The hobgoblin is struck by your spines.
The hobgoblin hits you but does no damage.
The hobgoblin is struck by your spines. The hobgoblin barely misses you.
You hit the hobgoblin.
You kill the hobgoblin!
The hobgoblin hits you. 😕 HP[-1]
You take 1 damage, and now have 27/29 hp.
You hit the hobgoblin.
The hobgoblin is poisoned.
The hobgoblin barely misses you.
You hit the hobgoblin.
You feel better.
You kill the hobgoblin! 😎 HP[+2]
Your hp is fully restored (29).
Sigmund hits you from afar with a +0 scythe.
There is a stone staircase leading down here. 😕 HP[-2]
You take 2 damage, and now have 27/29 hp.
Sigmund closely misses you.
You climb downwards.
The adder hisses angrily.
Found 18 stones and a hand axe.
Found an escape hatch in the ceiling.
Found a stone staircase leading up.
There is a stone staircase leading up here.
Unknown command.
Unknown command.
There are monsters nearby!
You barely miss the worm. You hit the worm. You burn the worm.
The adder bites you but does no damage. The worm bites you but does no damage.
You hit the worm.
The worm goes berserk!
Xom is highly amused!
The adder bites you. The worm is struck by your spines. The worm bites you!
Ouch! That really hurt!
* * * LOW HITPOINT WARNING * * *
😨 HP[-19]
You take 19 damage, and now have 8/29 hp.
MASSIVE DAMAGE!! (PAUSE)
You feel better. The adder is struck by your spines. The adder bites you.
* * * LOW HITPOINT WARNING * * *
The adder bites you.
* * * LOW HITPOINT WARNING * * *
The worm barely misses you. 😨 HP[+2]
You regained 2 hp, and now have 10/29 hp.
You feel better. The adder bites you but does no damage.
The worm is struck by your spines. The worm bites you!
* * * LOW HITPOINT WARNING * * *
😱 HP[-6]
You take 6 damage, and now have 4/29 hp.
MASSIVE DAMAGE!! (PAUSE)
You hit the worm. The adder bites you but does no damage.
You barely miss the worm. The adder bites you but does no damage.
The worm bites you.
* * * LOW HITPOINT WARNING * * *
😱 HP[-2]
You take 2 damage, and now have 2/29 hp.
Unknown command.
You hit the worm but do no damage. The adder is struck by your spines.
The adder closely misses you. The worm misses you.
The adder closely misses you.
You hit the worm. You freeze the worm.
You kill the worm!
The adder is struck by your spines. The adder bites you but does no damage.
You aren't carrying any scrolls.
Unknown command.
Okay, then.
You closely miss the adder. The adder bites you.
You die...
Xom yawns loudly!

Skill      XL: |  1  2  3 |
---------------+----------+-----
Polearms       | 3 4 |  4.3
Fighting       | |  3.0
Armour         | |  1.7
Dodging        | |  0.8

Action                   || total
-------------------------++-------
Melee: Spear             ||    75
Evoke: Piece from Xom's  ||     3
  Use: Scroll            ||     4
       Potion            ||     2
 Stab: Confused          ||     1
Armor: Leather armour    ||    26
Dodge: Dodged            ||    37

Levels and vault maps discovered:
D:1:      erik_arrival_orb_chamber, layout_loops_ring, serial_shops, shop,
          nicolae_shop_waterfront, shop, dilly_ecumenical_altar_fadedgnrine,
          serial_park_tiny_2, minmay_misc_feat_pillars, st_stairs_14,
          glass_columns_a
D:2:      layout_basic, minivault_24, uniq_sigmund
D:3:      layout_basic

Notes
Turn   | Place    | Note
-------+----------+-------------------------------------------
     0 | D:1      | spaghetti the Demonspawn Chaos Knight began the quest for
                  | the Orb.
     0 | D:1      | Reached XP level 1. HP: 18/18 MP: 1/1
     0 | D:1      | magus.rc [v1.9.6]
    35 | D:1      | Found Luupn's Jewellery Boutique.
    44 | D:1      | Found Nopnein's Distillery.
    48 | D:1      | Reached skill level 3 in Polearms
   172 | D:1      | XOM: silly message
   173 | D:1      | Gained mutation: You are partially covered in sharp spines.
                  | [demonic ancestry]
   173 | D:1      | Reached XP level 2. HP: 24/24 MP: 2/2
   177 | D:1      | XOM: silly message
   367 | D:1      | Found a faded altar of an unknown god.
   368 | D:1      | XOM: silly message
   501 | D:1      | Gained mutation: You have a pair of small antennae on your
                  | head. [demonic ancestry]
   501 | D:1      | Reached XP level 3. HP: 29/29 MP: 3/3
   552 | D:1      | Found Dys Edd's General Store.
   913 | D:2      | XOM: silly message
   916 | D:2      | Reached skill level 4 in Polearms
  1081 | D:1      | XOM: scenery: summon butterflies
  1233 | D:2      | You pick up a book of Pain and begin reading...
  1233 | D:2      | You add the spells Pain, Agony and Excruciating Wounds to
                  | your library.
  1359 | D:2      | Noticed Sigmund
  1374 | D:3      | HP: 4/29 [worm (14)]
  1379 | D:3      | Slain by an adder

Vanquished Creatures
  2 worms
  2 dart slugs
  2 bats (D:1)
  5 endoplasms
  2 giant cockroaches (D:1)
  5 goblins (D:1)
  7 hobgoblins
  2 jackals (D:1)
  A kobold (D:1)
  3 quokkas
  2 ball pythons (D:1)
  3 frilled lizards
  2 rats (D:1)
38 creatures vanquished.

Table legend:
 A = Non-vault XP
 B = Vault XP
 C = Vault XP percentage of total XP
 D = Non-vault monster count
 E = Vault monster count
 F = Vault count percentage of total count
                 A         B        C        D         E       F
            +---------+---------+-------+---------+---------+-------
      Total |      76 |       4 |   5.0 |      36 |       2 |   5.3
            +---------+---------+-------+---------+---------+-------
        D:1 |      44 |       4 |   8.3 |      24 |       2 |   7.7
        D:2 |      27 |       0 |   0.0 |      11 |       0 |   0.0
        D:3 |       5 |       0 |   0.0 |       1 |       0 |   0.0
            +---------+---------+-------+---------+---------+-------

Illustrated notes

Table legend:
 A = Kills in this place as a percentage of kills in entire the game.
 B = Kills by you in this place as a percentage of kills by you in the entire game.
 C = Kills by friends in this place as a percentage of kills by friends in the entire game.
 D = Other kills in this place as a percentage of other kills in the entire game.
 E = Experience gained in this place as a percentage of experience gained in the entire game.
 F = Experience gained in this place divided by the number of levels of this place that you have seen.
                   A       B       C       D       E      F
               +-------+-------+-------+-------+-------+----------------------
         Total | 100.0 | 100.0 |   N/A |   N/A | 100.0 |  26.7
       Dungeon | 100.0 | 100.0 |   N/A |   N/A | 100.0 |  26.7
               +-------+-------+-------+-------+-------+----------------------

Table legend: (Time is in decaauts)
 A = Elapsed time spent in this place.
 B = Non-inter-level travel time spent in this place.
 C = Inter-level travel time spent in this place.
 D = Time resting spent in this place.
 E = Time spent auto-exploring this place.
 F = Levels seen in this place.
 G = Mean time per level.
                   A        B        C        D        E       F      G
               +--------+--------+--------+--------+--------+-----+--------+
         Total |   1373 |   1339 |     34 |    168 |    919 |   3 |  457.7 |
       Dungeon |   1373 |   1339 |     34 |    168 |    919 |   3 |  457.7 |
               +--------+--------+--------+--------+--------+-----+--------+

Top non-repeatable levels by time:
     D:1: 1007 daAuts
     D:2: 354 daAuts
     D:3: 11 daAuts
